 Dungeon Crawl Stone Soup version 0.27.1-2-g3b301248ec (webtiles) character file.

Game seed: 9741041534061723501

5334 Elvor the Thaumaturge (level 10, -2/64 HPs)
             Began as a Deep Elf Conjurer on Oct 5, 2021.
             Was a Priest of Vehumet.
             Splashed by Maurice's acid (12 damage)
             ... on level 9 of the Dungeon.
             The game lasted 01:06:57 (6464 turns).

Elvor the Thaumaturge (Deep Elf Conjurer)           Turns: 6464, Time: 01:06:57

Health: -2/64      AC:  4    Str:  5    XL:     10   Next: 38%
Magic:  22/25      EV: 12    Int: 34    God:    Vehumet [***...]
Gold:   462        SH:  3    Dex: 13    Spells: 13/28 levels left

rFire    . . .     SeeInvis .   w - +12 trident of Wiuqalang {flame, Int+5}
rCold    . . .     Faith    .   M - +0 buckler
rNeg     . . .     Spirit   .   v - +3 leather armour of Pijeeq {Int+3}
rPois    .         Reflect  .   (no helmet)
rElec    .         Harm     .   E - scarf {repulsion}
rCorr    .         Rampage  .   m - +0 pair of gloves
Will     +....                  i - +0 pair of boots
Stlth    ++........             (no amulet)
HPRegen  0.20/turn              (no ring)
MPRegen  0.19/turn              (no ring)

@: corroded, studying Fighting, repel missiles
A: no striking features
a: Renounce Religion


You were on level 9 of the Dungeon.
You worshipped Vehumet.
Vehumet was most pleased with you.
You visited 2 branches of the dungeon, and saw 10 of its levels.

You collected 462 gold pieces.

Inventory:

Hand Weapons
 f - a +0 short sword
 w - the +12 trident of Wiuqalang (weapon) {flame, Int+5}
   (You found it on level 5 of the Dungeon)

   It burns those it strikes, dealing additional fire damage.
   Int:       It affects your intelligence (+5).
 L - a +3 falchion of freezing
Missiles
 g - 159 stones
 n - 22 poisoned darts
 p - 107 sling bullets
 u - 6 boomerangs
Armour
 i - a +0 pair of boots (worn)
 m - a +0 pair of gloves (worn)
 v - the +3 leather armour of Pijeeq (worn) {Int+3}
   (You took it off an orc on level 4 of the Dungeon)

   Int:       It affects your intelligence (+3).
 y - +0 steam dragon scales
 E - a scarf of repulsion (worn)
 I - +0 acid dragon scales
 M - a +0 buckler (worn)
Jewellery
 d - an amulet of faith
Wands
 A - a wand of flame (14)
 H - a wand of acid (6)
Scrolls
 b - 3 scrolls of teleportation
 h - a scroll of enchant armour {unknown}
 l - 2 scrolls of fog
 o - a scroll of enchant weapon {unknown}
 s - a scroll of magic mapping {unknown}
 t - a scroll of blinking {unknown}
 z - 5 scrolls of vulnerability
 B - a scroll of noise {unknown}
 C - a scroll of silence {unknown}
 F - a scroll of immolation {unknown}
 J - a scroll of amnesia {unknown}
 N - a scroll of torment {unknown}
Potions
 a - 2 potions of mutation
 c - 2 potions of heal wounds
 e - a potion of resistance {unknown}
 j - 2 potions of flight {unknown}
 k - 4 potions of curing
 q - 2 potions of degeneration
 r - 2 potions of might {unknown}
 x - 2 potions of brilliance {unknown}
 D - a potion of haste {unknown}
 G - a potion of cancellation {unknown}
 K - a potion of lignification {unknown}


   Skills:
 * Level 8.3 Fighting
 + Level 1.7 Short Blades
 + Level 1.2 Polearms
 + Level 5.0 Throwing
 + Level 3.1 Armour
 + Level 6.0 Dodging
 + Level 3.9 Stealth
 + Level 9.8 Spellcasting
 + Level 9.6 Conjurations


You had 13 spell levels left.
You knew the following spells:

 Your Spells              Type           Power      Damage    Failure   Level
a - Magic Dart            Conj           100%       1d8       1%          1
b - Searing Ray           Conj           100%       3d7       1%          2
c - Apportation           Tloc           32%        N/A       8%          1
d - Iskenderun's Mystic   Conj/Tloc      49%        2d11      2%          4
e - Passage of Golubria   Tloc           N/A        N/A       58%         4
f - Stone Arrow           Conj/Erth      98%        3d13      1%          3

Your spell library contained the following spells:

 Spells                   Type           Power      Damage    Failure   Level
 Foxfire                  Conj/Fire      100%       2x1d9     1%          1
 Conjure Flame            Conj/Fire      49%        6-21      1%          3
 Dazzling Flash           Conj/Hex       98%        N/A       1%          3
 Fulminant Prism          Conj/Hex       24%        3d13      2%          4
 Inner Flame              Hex/Fire       16%        N/A       6%          3
 Animate Skeleton         Necr           32%        N/A       8%          1
 Corona                   Hex            17%        N/A       8%          1
 Summon Small Mammal      Summ           64%        N/A       8%          1
 Silence                  Hex/Air        8%         N/A       90%         5
 Lehudib's Crystal Spear  Conj/Erth      24%        10d7      100%        8


Dungeon Overview and Level Annotations

Branches:
Dungeon (9/15)             Temple (1/1) D:4
   Lair: D:8-11         Orc: D:9-12

Altars:
Ashenzari
Dithmenos
Elyvilon
Fedhas
Gozag
Hepliaklqana
Kikubaaqudgha
Makhleb
Nemelex Xobeh
Okawaru
Qazlal
Ru
Sif Muna
Uskayaw
Vehumet
Wu Jian
Xom
Yredelemnul
Zin
The Shining One
Beogh

Annotations:
D:9 Maurice


Message History

M - a +0 buckler
p - 107 sling bullets (gained 20)
N - a scroll labelled WEMEM HUNTU You now have 449 gold pieces (gained 7).
You now have 462 gold pieces (gained 13).
You start putting on your armour.
You continue putting on your +0 buckler. x4
You finish putting on your +0 buckler.
Search for what [Enter for "D:7", or ? for help]?
D:8
There is an open door, spattered with blood here.
Things that are here:
a +0 flail; a +0 chain mail
There is a stone staircase leading down here.
You climb downwards.
Found a scroll of teleportation.
There is a stone staircase leading up here.
Aiming: Corrosive Bolt
Press: ? - help, Q - select action, (/) - cycle Shift-Dir - straight line, f - Maurice
Aim: Maurice, wielding a +0 dagger, wearing a +2 cloak of preservation and carrying a wand of acid (14) (asleep, 100% to hit)
The bolt of acid hits Maurice!
Maurice is lightly wounded.
Maurice shouts!
Aiming: Corrosive Bolt
Press: ? - help, Q - select action, (/) - cycle Shift-Dir - straight line, f/p - Maurice
Aim: Maurice, wielding a +0 dagger, wearing a +2 cloak of preservation and carrying a wand of acid (14) (lightly wounded, 60% to hit)
The bolt of acid misses Maurice.
Aiming: Searing Ray (safe; 1% risk of failure)
Press: ? - help, Q - select action, (/) - cycle Shift-Dir - straight line, f/p - Maurice
Aim: Maurice, wielding a +0 dagger, wearing a +2 cloak of preservation and carrying a wand of acid (14) (lightly wounded, 76% to hit)
The searing ray hits Maurice!
Maurice is moderately wounded. (Press . to maintain the ray.) Maurice zaps a wand.
The bolt of acid hits you! The acid corrodes you!
You are splashed with acid!
The searing ray hits Maurice!
Maurice is moderately wounded.
Maurice zaps a wand.
The bolt of acid hits you!!
* * * LOW HITPOINT WARNING * * *
You are splashed with acid!
You die...

.... ... ...
####..
......#########
..........?....
...............
......@@#
........#
........#
........#
###.....#
###.....#
###.....#
..........


You could see Maurice.

Vanquished Creatures
  Pikel (D:5)
  Joseph (D:7)
  7 yaks (D:8)
  A wyvern (D:8)
  4 steam dragons
  A vampire mosquito (D:8)
  An acid dragon (D:8)
  3 orc warriors (D:8)
  2 sky beasts
  A black bear (D:4)
  2 ogres
  A wolf (D:5)
  2 centaurs (D:8)
  2 lemures (D:5)
  Blork the orc (D:6)
  A kobold brigand (D:7)
  2 phantoms
  A bullfrog (D:6)
  A scorpion (D:6)
  A wyvern skeleton (D:6)
  A water moccasin skeleton (D:6)
  5 killer bees (D:8)
  3 wights (D:8)
  A bullfrog zombie (D:6)
  2 centaur zombies
  A bullfrog skeleton (D:7)
  2 orc priests
  2 centaur skeletons
  2 gnoll shamans (D:5)
  4 hounds
  2 iguanas (D:6)
  2 orc wizards (D:8)
  A killer bee zombie (D:5)
  A hound zombie (D:5)
  21 gnolls
  5 adders
  2 shadow imps
  3 white imps (D:6)
  An ufetubus (D:5)
  An adder skeleton (D:4)
  2 worms (D:3)
  3 dart slugs
  12 orcs
  5 bats
  7 endoplasms
  2 giant cockroaches (D:3)
  9 hobgoblins
  3 jackals (D:5)
  3 quokkas
  4 ball pythons
  2 frilled lizards
  5 goblins
  11 kobolds
  11 rats
177 creatures vanquished.

Vanquished Creatures (others)
  A plant (D:1)
1 creature vanquished.

Grand Total: 178 creatures vanquished

Notes
Turn   | Place    | Note
-------+----------+-------------------------------------------
     0 | D:1      | Elvor the Deep Elf Conjurer began the quest for the Orb.
     0 | D:1      | Reached XP level 1. HP: 10/10 MP: 6/6
   122 | D:1      | Reached XP level 2. HP: 9/15 MP: 0/8
   125 | D:1      | Learned a level 2 spell: Searing Ray
   327 | D:1      | Reached skill level 1 in Fighting
   382 | D:1      | Reached skill level 5 in Conjurations
   464 | D:1      | Reached XP level 3. HP: 20/20 MP: 4/9
   725 | D:2      | Learned a level 1 spell: Apportation
   858 | D:2      | Found a faded altar of an unknown god.
  1084 | D:2      | Found a broken altar of Ashenzari.
  1274 | D:3      | Found an iron altar of Okawaru.
  1340 | D:3      | Reached XP level 4. HP: 26/26 MP: 9/11
  1848 | D:3      | Reached XP level 5. HP: 30/30 MP: 9/13
  2026 | D:4      | Reached skill level 1 in Short Blades
  2183 | D:4      | Noticed an ogre
  2195 | D:4      | Killed an ogre
  2196 | D:4      | Reached skill level 5 in Spellcasting
  2196 | D:4      | Reached XP level 6. HP: 36/36 MP: 9/16
  2202 | D:4      | Found a staircase to the Ecumenical Temple.
  2231 | Temple   | Entered the Ecumenical Temple
  2265 | Temple   | Became a worshipper of Vehumet
  2640 | D:4      | Found a sparkling altar of Nemelex Xobeh.
  2640 | D:4      | Found an ornate altar of the Wu Jian Council.
  2666 | D:4      | Found a shimmering altar of Xom.
  2670 | D:4      | Identified the +3 leather armour of Pijeeq {Int+3}
  2959 | D:5      | Entered Level 5 of the Dungeon
  3007 | D:5      | Found a basalt altar of Yredelemnul.
  3069 | D:5      | Noticed Pikel
  3087 | D:5      | Killed Pikel
  3088 | D:5      | Reached skill level 1 in Throwing
  3088 | D:5      | Reached XP level 7. HP: 22/43 MP: 0/19
  3336 | D:5      | Reached XP level 8. HP: 48/48 MP: 10/20
  3391 | D:5      | Identified the +12 trident of Wiuqalang {flame, Int+5}
  3435 | D:5      | Reached skill level 1 in Armour
  3462 | D:5      | Reached * piety under Vehumet
  3462 | D:5      | Offered knowledge of Freeze by Vehumet.
  3571 | D:5      | Reached skill level 5 in Fighting
  3871 | D:6      | Reached ** piety under Vehumet
  3871 | D:6      | Offered knowledge of Static Discharge by Vehumet.
  3963 | D:6      | Learned a level 4 spell: Iskenderun's Mystic Blast
  4079 | D:6      | Reached XP level 9. HP: 38/55 MP: 17/23
  4092 | D:6      | Noticed Blork the orc
  4093 | D:6      | Found a hazy altar of Hepliaklqana.
  4095 | D:6      | Found a faded altar of an unknown god.
  4101 | D:6      | Killed Blork the orc
  4684 | D:7      | Noticed Joseph
  4699 | D:7      | Killed Joseph
  4700 | D:7      | Reached skill level 5 in Dodging
  4922 | D:7      | Found a hide-covered altar of Uskayaw.
  4923 | D:7      | Noticed a +0 hand axe
  5050 | D:7      | Noticed a +0 hand axe
  5301 | D:8      | Reached skill level 1 in Polearms
  5635 | D:8      | Learned a level 4 spell: Passage of Golubria
  5832 | D:8      | Reached XP level 10. HP: 63/63 MP: 18/25
  6013 | D:8      | Offered knowledge of Stone Arrow by Vehumet.
  6034 | D:8      | Learned a level 3 spell: Stone Arrow
  6035 | D:8      | Found a glowing golden altar of the Shining One.
  6393 | D:8      | Reached *** piety under Vehumet
  6394 | D:8      | Reached skill level 5 in Throwing
  6460 | D:9      | Noticed Maurice
  6464 | D:9      | Splashed by Maurice's acid

Illustrated notes

Levels and vault maps discovered:
D:1:      kennysheep_arrival_forest, layout_rooms, minmay_stone_trees_medium,
          serial_bayou_lake_a
D:2:      layout_loops_ring, basic_altar,
          hellmonk_ecumenical_altar_defaced_shrine
D:3:      layout_basic, lemuel_coloured_pillars_altar, st_stairs_11
D:4:      layout_cave_pools, lemuel_crystal_altar,
          gammafunk_temple_overflow_wave, minmay_temple_entry_arrows,
          serial_column_ruins, column_ruins_circle_medium,
          column_ruins_open_medium, column_ruins_grid_3,
          column_ruins_open_small, column_ruins_open_tiny, column_ruins_grid_1,
          column_ruins_columns_straight
D:5:      layout_cave_pools, mainiacjoe_overflow_24_doors, serial_gnoll_camp,
          gnoll_camp_mini_loothouse, gnoll_camp_mini_hut,
          gnoll_camp_mini_doghouse, gnoll_camp_mini_house,
          gnoll_camp_mini_house, uniq_pikel
D:6:      layout_loops_ring, beargit_hepliaklqana_dungeon_heroes
D:7:      layout_basic, dancing_weapons_uskayaw, kennysheep_generic_room_14,
          uniq_joseph
D:8:      minmay_chambers_of_fours, layout_loops_ring,
          mainiacjoe_overflow_alcove_1, minmay_fractal_squares_gapless_5
D:9:      layout_long_grid, slow_altar_1, minmay_lair_entry_grove,
          lightli_orcish_oven, uniq_maurice
Temple:   minmay_temple_forest_path

Skill      XL: |  1  2  3  4  5  6  7  8  9 10 |
---------------+-------------------------------+-----
Fighting       | 1 2 4 6 7 8 |  8.3
Conjurations   | 5 6 7 8 9 |  9.6
Spellcasting   | 4 5 6 7 8 9 |  9.8
Short Blades   | 1 |  1.7
Dodging        | 3 4 5 6 |  6.0
Stealth        | 3 |  3.9
Throwing       | 1 3 4 5 |  5.0
Armour         | 1 2 3 |  3.1
Polearms       | 1 |  1.2

Action                   |  1- 3 |  4- 6 |  7- 9 | 10-12 || total
-------------------------+-------+-------+-------+-------++-------
Melee: Dagger            |     5 |       |       |       ||     5
       Short sword       |     2 |     6 |     1 |       ||     9
       Trident           |       |       |    11 |     1 ||    12
Throw: Dart              |       |    13 |    26 |    11 ||    50
 Cast: Magic Dart        |    73 |    83 |    39 |     3 ||   198
       Searing Ray       |     1 |    12 |    52 |    14 ||    79
       Stone Arrow       |       |       |       |     4 ||     4
Evoke: Wand              |       |       |     1 |     2 ||     3
  Use: Scroll            |       |       |     7 |       ||     7
Armor: Robe              |     1 |     4 |       |       ||     5
       Leather armour    |       |     7 |    32 |     1 ||    40
Dodge: Dodged            |    11 |    22 |    59 |    10 ||   102
